 Dungeon Crawl Stone Soup version 0.23-a0-451-g1044d4c (webtiles) character file.

28090 Firecrotchwizard the Severer (level 13, 0/123 HPs)
             Began as a Hill Orc Fighter on Nov 23, 2018.
             Was an Elder of Beogh.
             Slain by a lindwurm (2 damage)
             ... summoned by Kirke
             ... on level 4 of the Lair of Beasts.
             The game lasted 00:36:50 (15698 turns).

Firecrotchwizard the Severer (Hill Orc Fighter)    Turns: 15698, Time: 00:36:51

Health: 0/123      AC:  0    Str: 24    XL:     13   Next: 36%
Magic:  19/19      EV: 13    Int:  8    God:    Beogh [****..]
Gold:   696        SH:  0    Dex: 10    Spells: 12/12 levels left

rFire    . . .     SeeInvis .   (weapon currently unavailable)
rCold    . . .     Gourm    .   (shield currently unavailable)
rNeg     . . .     Faith    +   (armour currently unavailable)
rPois    .         Spirit   .   (helmet currently unavailable)
rElec    .         Reflect  .   (cloak currently unavailable)
rCorr    .         Harm     .   (gloves currently unavailable)
MR       .....                  (boots currently unavailable)
Stlth    +.........             I - amulet of faith {Faith, !P}
HPRegen  0.30/turn              (ring currently unavailable)
MPRegen  0.16/turn              (ring currently unavailable)

@: pig-form, slowed
A: small
a: Smiting, Recall Orcish Followers, Renounce Religion


You were on level 4 of the Lair of Beasts.
You worshipped Beogh.
Beogh was greatly pleased with you.
You were hungry.
You were a filthy swine.
You visited 2 branches of the dungeon, and saw 15 of its levels.

You collected 729 gold pieces.
You spent 33 gold pieces at shops.

Inventory:

Hand Weapons
 a - a +1 war axe of flaming (melded)
 b - a +0 hunting sling of freezing
   (You found it on level 6 of the Dungeon)
Missiles
 B - 126 sling bullets
Armour
 c - a +0 shield (melded)
 m - a +2 pair of boots (melded)
   (You found it on level 1 of the Dungeon)
 p - a +0 plate armour (melded)
   (You found it on level 2 of the Dungeon)
 q - a +0 cloak (melded)
   (You found it on level 2 of the Dungeon)
 H - a +0 helmet (melded)
   (You found it on level 9 of the Dungeon)
 O - a +0 pair of gloves (melded)
   (You found it on level 2 of the Lair of Beasts)
Jewellery
 i - an uncursed ring of see invisible {sInv, !d}
   (You found it on level 1 of the Dungeon)
 v - an uncursed ring of positive energy {rN+}
   (You found it on level 5 of the Dungeon)
 A - a +5 ring of evasion (melded)
   (You found it on level 6 of the Dungeon)
 I - an amulet of faith (around neck) {Faith, !P}
   (You took it off an orc warrior on level 10 of the Dungeon)
 P - a ring of resist corrosion (melded)
   (You found it on level 2 of the Lair of Beasts)
 R - an uncursed ring of ice {rC+, rF-}
   (You took it off Fannar on level 2 of the Lair of Beasts)
Wands
 g - a wand of disintegration (4)
   (You found it on level 9 of the Dungeon)
 t - a wand of scattershot (1)
   (You found it on level 6 of the Dungeon)
 w - a wand of iceblast (9)
   (You took it off Joseph on level 8 of the Dungeon)
 y - a wand of acid (2)
   (You found it on level 6 of the Dungeon)
 F - a wand of enslavement (7)
   (You found it on level 7 of the Dungeon)
Scrolls
 d - 5 scrolls of enchant weapon
 h - 4 scrolls of teleportation
 k - 8 scrolls of remove curse
 r - 7 scrolls of identify
 s - 5 scrolls of amnesia
 E - a scroll of magic mapping {!r}
Potions
 e - 4 potions of heal wounds
 j - a potion of might
 l - 2 potions of magic {unknown}
 u - a potion of degeneration {unknown}
 x - 2 potions of brilliance {unknown}
 z - a potion of resistance
 C - 2 potions of mutation {unknown}
 D - a potion of ambrosia {unknown}
 G - 2 potions of cancellation {unknown}
 J - 3 potions of curing
 K - a potion of haste
 L - a potion of lignification {unknown}
 M - 2 potions of berserk rage {unknown}
 N - a potion of agility
 Q - 2 potions of invisibility {unknown}
Comestibles
 f - 18 rations


   Skills:
 + Level 13.8 Fighting
 - Level 16.0 Axes
 - Level 6.2 Armour
 + Level 12.8 Shields
 * Level 8.7 Invocations


You had 12 spell levels left.
You didn't know any spells.
Your spell library contained the following spells:

 Spells                   Type           Power        Failure   Level  Hunger
 Animate Skeleton         Necr           N/A          41%         1    ##.....
 Flame Tongue             Conj/Fire      #....        41%         1    ##.....
 Magic Dart               Conj           #...         41%         1    ##.....
 Pain                     Necr           #...         41%         1    ##.....
 Blink                    Tloc           N/A          54%         2    ###....
 Call Imp                 Summ           #.......     54%         2    ###....
 Slow                     Hex            #.......     54%         2    ###....
 Throw Flame              Conj/Fire      #.....       54%         2    ###....
 Conjure Flame            Conj/Fire      #.......     78%         3    ####...
 Inner Flame              Hex/Fire       #.......     78%         3    ####...
 Mephitic Cloud           Conj/Pois/Air  #.......     78%         3    ####...
 Regeneration             Chrm/Necr      #.........   78%         3    ####...
 Vampiric Draining        Necr           #.........   78%         3    ####...
 Animate Dead             Necr           N/A          99%         4    #####..
 Sticky Flame             Conj/Fire      #.......     99%         4    #####..
 Fireball                 Conj/Fire      #.........   100%        5    ######.


Dungeon Overview and Level Annotations

Branches:
Dungeon (10/15)            Temple (0/1) D:5            Lair (5/6) D:10
 Shoals (0/4) Lair:3       Spider (0/4) Lair:4
  Slime: Lair:5-6       Orc: D:9-12

Altars:
Ashenzari
Dithmenos
Elyvilon
Gozag
Ru
Sif Muna
Uskayaw
Vehumet
The Shining One

Shops:
D:8 ?

Annotations:
D:4 exclusion: statue
D:7 3 runed doors, zazu2006's ghost, novice DDEE
D:8 3 runed doors, mdk's ghost, novice CeHu
D:9 1 runed door
Lair:4 Kirke


Message History

There is a stone staircase leading down here.
As you read the scroll of teleportation, it crumbles to dust.
You feel strangely unstable.
You feel sick. Kirke hits you but does no damage.
You take 1 damage, and have 30/123 hp.
As you read the scroll of fear, it crumbles to dust.
You assume a fearsome visage.
The sphinx looks frightened!
Kirke looks frightened!
Kirke mumbles some strange words.
Kirke flickers and vanishes!
Deactivating autopickup; reactivate with Ctrl-A.
Your surroundings suddenly seem different.
You feel sick.
You feel sick.
You are no longer poisoned.
You start resting.
You feel yourself speed up.
Unknown command.
You start resting.
All of the chunks of flesh in your inventory have rotted away.
Kirke is too close now for your liking.
You regained 32 hp, and now have 66/123 hp.
You start resting.
Kirke is too close now for your liking.
You regained 2 hp, and now have 72/123 hp.
Smite: Kirke (hasn't noticed you)
You smite Kirke!
You can no longer walk on water.
You can no longer give items to your followers.
You now have 16/19 mp.
You completely miss Kirke. You slash Kirke! You burn Kirke.
You block Kirke's attack.
You slice Kirke!! You burn Kirke.
Kirke howls an incantation.
Kirke's hands start to glow.
You block Kirke's attack.
Your plate armour prevents you from hitting Kirke.
Kirke hits you but does no damage.
You barely miss Kirke. You slash Kirke! You burn Kirke.
Kirke gestures at you while chanting.
You feel yourself slow down.
You closely miss Kirke. Kirke gestures at you while chanting.
You feel as though you will be slow longer.
You closely miss Kirke.
Kirke points at you and mumbles some strange words.
You turn into a filthy swine.
Your +1 war axe of flaming melds into your body.
Your +0 cloak melds into your body.
Your +0 helmet melds into your body.
Your +0 pair of gloves melds into your body.
Your +2 pair of boots melds into your body.
Your +0 shield melds into your body.
Your +0 plate armour melds into your body.
Your ring of resist corrosion melds into your body.
Your +5 ring of evasion melds into your body.
Your +1 war axe of flaming stops flaming.
You are feeling hungry.
You barely miss Kirke. Kirke casts a spell at you.
You feel a momentary urge to oink.
You barely miss Kirke. Kirke casts a spell at you.
You struggle to resist.
Kirke hits you.
You take 3 damage, and have 72/123 hp.
You hit Kirke but do no damage. Kirke hits you!
You take 9 damage, and have 63/123 hp.
You hit Kirke. Kirke gestures at you while chanting.
You feel a momentary urge to oink.
You barely miss Kirke. Kirke hits you.
You take 3 damage, and have 60/123 hp.
You bite Kirke!
Kirke throws some mysterious powder.
Kirke casts a spell at you.
You feel a momentary urge to oink.
You bite Kirke!
Kirke whispers, "Not even holy moly will save you."
Kirke gestures wildly while chanting.
Kirke summons a lindwurm!
You hit Kirke. Kirke hits you!
You take 9 damage, and have 52/123 hp.
You hit Kirke. Kirke gestures at you while chanting.
You feel a momentary urge to oink.
You barely miss Kirke. The lindwurm breathes flames at you.
The blast of flame hits you!
* * * LOW HITPOINT WARNING * * *
Kirke mumbles some strange words.
Kirke summons a manticore!
The lindwurm bites you.
* * * LOW HITPOINT WARNING * * *
The lindwurm claws you.
* * * LOW HITPOINT WARNING * * *
The lindwurm claws you!
* * * LOW HITPOINT WARNING * * *
Kirke hits you.
* * * LOW HITPOINT WARNING * * *
You bite Kirke! The lindwurm bites you.
You die...

##..@##...##......>.........
#P...##.###.......#####.#...
#...###.###P......##P.#..#..
#...###...........#.....##..
#.....#...#(............PP..
##...#......................
##..###..###.....P##.##.....
#...# ######@.....##.##.....
##..#######hk.H..^..........
##...P##P###................
#...........................
##..........................
#..........................
#..........................
#...............#.#.#..#...
#...##..###....#########P..
##...##..##......##.##..##..


You could see Kirke, a manticore and a lindwurm.

Vanquished Creatures
  Fannar (Lair:2)
  3 hydras
  3 two-headed ogres
  7 death yaks
  An unseen horror (D:10)
  A cyclops (D:10)
  4 elephants (Lair:3)
  2 black mambas
  Joseph (D:8)
  6 spiny frogs
  2 rime drakes
  5 komodo dragons
  A polar bear (Lair:2)
  A hornet (D:8)
  10 blink frogs
  Prince Ribbit (Lair:2)
  5 hippogriffs
  4 redbacks (Lair:4)
  A spriggan (D:8)
  6 yaks (D:9)
  7 hogs
  2 wyverns
  A basilisk (Lair:4)
  8 water moccasins
  3 orc warriors
  11 porcupines
  A sky beast (D:9)
  3 phantoms
  2 ogres
  7 centaurs
  6 crocodiles
  11 bullfrogs
  2 scorpions
  15 killer bees
  2 electric eels
  2 howler monkeys (D:5)
  2 crimson imps
  3 hounds
  A bullfrog skeleton (D:9)
  A jelly (D:5)
  5 orc wizards
  2 iguanas (D:7)
  2 worker ants
  A killer bee zombie (D:9)
  3 hound zombies
  A worker ant zombie (D:9)
  A river rat (D:10)
  7 adders
  3 shadow imps
  2 oozes
  3 adder zombies
  2 adder skeletons
  2 worms
  3 dart slugs
  4 leopard geckos
  31 orcs
  A ball python (D:2)
  8 giant cockroaches
  11 goblins
  7 hobgoblins
  12 jackals
  4 kobolds
  2 quokkas
  A ball python skeleton (D:4)
  7 bats
  6 frilled lizards
  A jackal zombie (D:3)
  2 leopard gecko skeletons (D:3)
  8 rats
  3 fungi
  2 plants (Lair:2)
302 creatures vanquished.

Vanquished Creatures (collateral kills)
  An orc (D:10)
1 creature vanquished.

Vanquished Creatures (others)
  An orc priest (D:4)
  An orc wizard (D:4)
  3 orcs
  A frilled lizard (D:4)
  A butterfly (Lair:2)
  3 fungi (Lair:2)
  2 plants
12 creatures vanquished.

Grand Total: 315 creatures vanquished

Notes
Turn   | Place    | Note
-------+----------+-------------------------------------------
     0 | D:1      | Firecrotchwizard the Hill Orc Fighter began the quest for
                  | the Orb.
     0 | D:1      | Reached XP level 1. HP: 19/19 MP: 1/1
   141 | D:1      | Reached skill level 3 in Axes
   159 | D:1      | Reached XP level 2. HP: 24/27 MP: 2/2
   624 | D:1      | Reached skill level 4 in Fighting
   697 | D:1      | Reached XP level 3. HP: 33/33 MP: 3/3
   722 | D:1      | Reached skill level 4 in Axes
  1387 | D:2      | Reached XP level 4. HP: 36/40 MP: 4/4
  1416 | D:2      | Found a shattered altar of Ashenzari.
  1968 | D:3      | Reached skill level 4 in Shields
  2063 | D:3      | Reached skill level 5 in Axes
  2086 | D:3      | Reached XP level 5. HP: 45/47 MP: 5/5
  2626 | D:4      | Became a worshipper of Beogh the Brigand
  2658 | D:4      | HP: 11/47 [hound (2)]
  2662 | D:4      | Reached skill level 5 in Fighting
  2662 | D:4      | Reached skill level 6 in Axes
  2662 | D:4      | Reached XP level 6. HP: 13/56 MP: 6/6
  2667 | D:4      | HP: 11/56 [orc wizard/+0 dagger (2)]
  2982 | D:4      | Noticed a phantom
  2998 | D:4      | Killed a phantom
  3248 | D:4      | Reached skill level 5 in Shields
  3257 | D:4      | Found a glowing golden altar of the Shining One.
  3288 | D:4      | Reached skill level 7 in Axes
  3353 | D:4      | Found a radiant altar of Vehumet.
  3608 | D:5      | Entered Level 5 of the Dungeon
  3615 | D:5      | Reached XP level 7. HP: 57/61 MP: 7/7
  3636 | D:5      | Found a staircase to the Ecumenical Temple.
  3758 | D:5      | Reached skill level 6 in Fighting
  3899 | D:5      | Reached skill level 8 in Axes
  3976 | D:5      | Found a shadowy altar of Dithmenos.
  4095 | D:5      | Found a hide-covered altar of Uskayaw.
  4706 | D:6      | Found a sacrificial altar of Ru.
  4745 | D:6      | HP: 13/63 [orc warrior/+0 flail (5)]
  4748 | D:6      | Reached * piety under Beogh
  5231 | D:6      | Reached XP level 8. HP: 50/71 MP: 8/8
  5675 | D:7      | Reached skill level 9 in Axes
  5675 | D:7      | Reached skill level 6 in Shields
  5832 | D:7      | Reached skill level 7 in Fighting
  6135 | D:7      | Reached skill level 10 in Axes
  6142 | D:7      | meem: I am meem, an upgrade of beem built by MalcolmRose
                  | (check out Malcolm's DCSS vids and other projects at
                  | http://youtube.com/malcolmrosegaming). To have me follow
                  | you in your games, type !subscribemeem - to make me go away
                  | forever, type !quitmeem - For help, type: !meem
  6325 | D:7      | Got a jewelled ring mail
  6326 | D:7      | Identified the +3 ring mail "Kezaymad" {*Slow rPois Str+5}
                  | (You found it on level 7 of the Dungeon)
  6399 | D:7      | Found a runed gate.
  6400 | D:7      | Found a runed gate.
  6401 | D:7      | Found a runed gate.
  6401 | D:7      | Noticed zazu2006's ghost (novice DDEE)
  6521 | D:7      | HP: 12/73 [orc warrior/cursed +0 hand axe (11)]
  6528 | D:7      | HP: 13/73 [orc warrior/cursed +0 hand axe (10)]
  6529 | D:7      | Reached XP level 9. HP: 14/80 MP: 9/9
  7087 | D:8      | meem: I am meem, an upgrade of beem built by MalcolmRose
                  | (check out Malcolm's DCSS vids and other projects at
                  | http://youtube.com/malcolmrosegaming). To have me follow
                  | you in your games, type !subscribemeem - to make me go away
                  | forever, type !quitmeem - For help, type: !meem
  7146 | D:8      | Noticed a two-headed ogre
  7205 | D:8      | Noticed a hornet
  7215 | D:8      | Paralysed by a hornet for 3 turns
  7224 | D:8      | Reached skill level 7 in Shields
  7225 | D:8      | HP: 20/81 [hornet (6)]
  7225 | D:8      | Paralysed by a hornet for 2 turns
  7229 | D:8      | Killed a hornet
  7229 | D:8      | Reached skill level 8 in Fighting
  7229 | D:8      | Reached skill level 11 in Axes
  7659 | D:8      | Found Duxzui's Magic Scroll Boutique.
  7685 | D:8      | Bought a scroll of teleportation for 33 gold pieces
  7715 | D:8      | Found a deep blue altar of Sif Muna.
  7775 | D:8      | Found a runed gate.
  7775 | D:8      | Found an opulent altar of Gozag.
  7776 | D:8      | Found a runed gate.
  7776 | D:8      | Found a runed gate.
  7777 | D:8      | Noticed mdk's ghost (novice CeHu)
  7777 | D:8      | Noticed a fire crab
  7902 | D:8      | Reached skill level 12 in Axes
  7923 | D:8      | Noticed Joseph
  7943 | D:8      | Killed Joseph
  7943 | D:8      | Reached skill level 8 in Shields
  8346 | D:9      | Noticed a two-headed ogre
  8359 | D:9      | Killed a two-headed ogre
  8359 | D:9      | Reached skill level 9 in Fighting
  8359 | D:9      | Reached skill level 13 in Axes
  8359 | D:9      | Reached XP level 10. HP: 91/91 MP: 10/10
  8437 | D:9      | Reached ** piety under Beogh
  8460 | D:9      | Noticed a two-headed ogre
  8471 | D:9      | Killed a two-headed ogre
  8682 | D:9      | Reached skill level 9 in Shields
  8711 | D:9      | Reached skill level 10 in Fighting
  8793 | D:9      | Found a white marble altar of Elyvilon.
  8794 | D:9      | Found a runed door.
  8794 | D:9      | Noticed an angel
  8862 | D:9      | Reached skill level 14 in Axes
  8935 | D:10     | Entered Level 10 of the Dungeon
  8956 | D:10     | Noticed a cyclops
  8971 | D:10     | Killed a cyclops
  9350 | D:10     | Noticed an unseen horror
  9362 | D:10     | Killed an unseen horror
  9380 | D:10     | Noticed a two-headed ogre
  9410 | D:10     | Killed a two-headed ogre
  9410 | D:10     | Reached XP level 11. HP: 51/101 MP: 11/11
  9674 | D:10     | Noticed a death yak
  9686 | D:10     | Noticed a death yak
  9687 | D:10     | Noticed a death yak
  9726 | D:10     | Killed a death yak
  9726 | D:10     | Reached skill level 15 in Axes
  9901 | D:10     | Killed a death yak
  9901 | D:10     | Reached skill level 10 in Shields
  9916 | D:10     | Killed a death yak
  9916 | D:10     | Reached skill level 11 in Fighting
 10138 | D:10     | Found a staircase to the Lair.
 10400 | D:10     | Reached *** piety under Beogh
 10744 | Lair:1   | Entered Level 1 of the Lair of Beasts
 11498 | Lair:2   | Noticed a death yak
 11498 | Lair:2   | Noticed a death yak
 11501 | Lair:2   | Noticed a death yak
 11516 | Lair:1   | Reached skill level 16 in Axes
 11816 | Lair:2   | Noticed a death yak
 11834 | Lair:2   | Killed a death yak
 11834 | Lair:2   | Reached skill level 4 in Armour
 11845 | Lair:2   | Killed a death yak
 11845 | Lair:2   | Reached skill level 11 in Shields
 11845 | Lair:2   | Reached XP level 12. HP: 91/112 MP: 12/12
 11863 | Lair:2   | Killed a death yak
 11863 | Lair:2   | Reached skill level 12 in Fighting
 12255 | Lair:2   | Noticed Fannar
 12266 | Lair:2   | Killed Fannar
 12266 | Lair:2   | Reached skill level 5 in Armour
 12301 | Lair:2   | Noticed Prince Ribbit
 12341 | Lair:2   | Killed Prince Ribbit
 12357 | Lair:2   | Reached **** piety under Beogh
 12858 | Lair:3   | Reached skill level 6 in Armour
 12888 | Lair:2   | Killed a death yak
 13060 | Lair:3   | Reached skill level 1 in Invocations
 13094 | Lair:3   | Reached skill level 2 in Invocations
 13194 | Lair:3   | Noticed a four-headed hydra
 13211 | Lair:3   | Killed a one-headed hydra
 13211 | Lair:3   | Reached skill level 13 in Fighting
 13211 | Lair:3   | Reached skill level 12 in Shields
 13211 | Lair:3   | Reached skill level 3 in Invocations
 13476 | Lair:3   | Reached skill level 4 in Invocations
 13532 | Lair:3   | Reached skill level 5 in Invocations
 13596 | Lair:3   | Reached XP level 13. HP: 50/122 MP: 17/17
 14021 | Lair:3   | Reached skill level 6 in Invocations
 14089 | Lair:3   | Found a staircase to the Shoals.
 14687 | Lair:4   | Reached skill level 7 in Invocations
 15066 | Lair:4   | Reached skill level 8 in Invocations
 15067 | Lair:4   | Noticed Kirke
 15190 | Lair:4   | Found a hole to the Spider Nest.
 15357 | Lair:4   | Reached ***** piety under Beogh
 15529 | Lair:5   | HP: 30/123 [tyrant leech (21)]
 15536 | Lair:5   | HP: 30/123 [poisoned by a water moccasin]
 15538 | Lair:4   | Noticed a sphinx
 15697 | Lair:4   | HP: 16/123 [lindwurm/blast of flame[Kirke] (37)]
 15697 | Lair:4   | HP: 4/123 [lindwurm[Kirke] (10)]
 15698 | Lair:4   | Slain by a lindwurm

Vault maps used:
D:1:      dpeg_arrival_fog, serial_forest, infiniplex_forest_zigzag_1,
          infiniplex_forest_straight_2, infiniplex_forest_clump_long,
          infiniplex_forest_clump_double, infiniplex_forest_clump_curved,
          infiniplex_forest_straight_4, infiniplex_forest_straight_4,
          palyth_stone_intersect, st_stairs_5
D:2:      nicolae_ashenzari_panopticon
D:3:      serial_undead, serial_undead_c, serial_undead_f, serial_undead_f,
          serial_undead_d, st_stairs_7
D:4:      vehumet_statue, overflow_temple_1_default
D:5:      marbit_many_paths, minmay_temple_entry_antechambers, first_ration,
          corexii_hall_statues_i, nicolae_dithmenos_shadow_blocks
D:6:      hangedman_ru_absence
D:7:      gammafunk_ghost_split
D:8:      led_sif_pool, serial_shops, shop, ebering_ghost_gozag, grunt_pizzeria,
          tgw_xom, uniq_joseph
D:9:      lemuel_angel_altar
D:10:     dpeg_lair_monsters, serial_curves, eino_curves_02, eino_curves_02,
          eino_curves_02, hangedman_decor_points, solitary_fountain,
          dk_vineyard_2, kennysheep_generic_room_8
Lair:2:   lemuel_fruit_fields, serial_bayou_shore_b, grunt_megastairs_4,
          serial_bayou_shore_a, uniq_fannar, uniq_prince_ribbit2
Lair:3:   elwin_shoals_entry_rooms, lemuel_fruit_fields
Lair:4:   spider_nest_entry_webs, uniq_kirke
Lair:5:   slime_altar_1, worms_lemuel, grunt_megastairs_1

Skill      XL: |  1  2  3  4  5  6  7  8  9 10 11 12 13 |
---------------+----------------------------------------+-----
Axes           | 3 4 5 6 7 8 10 13 14 16 | 16.0
Fighting       | 4 5 6 7 9 10 11 13 | 13.8
Shields        | 4 5 6 8 9 11 12 | 12.8
Armour         | 4 6 |  6.2
Invocations    | 5 8 |  8.7

Action                   |  1- 3 |  4- 6 |  7- 9 | 10-12 | 13-15 || total
-------------------------+-------+-------+-------+-------+-------++-------
Melee: War axe           |    97 |   198 |   315 |   550 |   181 ||  1341
       Unarmed           |       |       |       |       |    11 ||    11
 Fire: Hunting sling     |       |       |     2 |       |       ||     2
Invok: Convert to Beogh  |       |     1 |       |       |       ||     1
       Smiting           |       |       |       |     1 |     1 ||     2
Evoke: Wand              |       |       |     8 |     1 |     1 ||    10
  Use: Potion            |       |     1 |     6 |       |       ||     7
       Scroll            |       |     6 |     6 |     4 |     2 ||    18
  Eat: Chunk             |     2 |     4 |     7 |    15 |     6 ||    34
       Ration            |       |     1 |     2 |     1 |       ||     4
Armor: Scale mail        |    52 |       |       |       |       ||    52
       Chain mail        |    15 |   126 |    23 |       |       ||   164
       Plate armour      |       |       |   117 |   138 |    49 ||   304
Dodge: Dodged            |    34 |    32 |    47 |   119 |    36 ||   268
Block: Shield            |    59 |   119 |   165 |   227 |    76 ||   646

Table legend:
 A = Non-vault XP
 B = Vault XP
 C = Vault XP percentage of total XP
 D = Non-vault monster count
 E = Vault monster count
 F = Vault count percentage of total count
                 A         B        C        D         E       F
            +---------+---------+-------+---------+---------+-------
      Total |   31737 |    8392 |  20.9 |     264 |      35 |  11.7
            +---------+---------+-------+---------+---------+-------
        D:1 |      54 |       3 |   5.3 |      27 |       2 |   6.9
        D:2 |      54 |       0 |   0.0 |      22 |       0 |   0.0
        D:3 |      86 |      36 |  29.5 |      19 |       7 |  26.9
        D:4 |     380 |       0 |   0.0 |      16 |       0 |   0.0
        D:5 |     378 |       0 |   0.0 |      15 |       0 |   0.0
        D:6 |     320 |       0 |   0.0 |       9 |       0 |   0.0
        D:7 |    1167 |       0 |   0.0 |      30 |       0 |   0.0
        D:8 |    1215 |     661 |  35.2 |      12 |       2 |  14.3
        D:9 |    3559 |       0 |   0.0 |      18 |       0 |   0.0
       D:10 |    3078 |    2934 |  48.8 |      22 |       7 |  24.1
     Lair:1 |    1844 |       0 |   0.0 |       9 |       0 |   0.0
     Lair:2 |    6646 |    2539 |  27.6 |      18 |       6 |  25.0
     Lair:3 |    7474 |     192 |   2.5 |      27 |       1 |   3.6
     Lair:4 |    5331 |    2027 |  27.5 |      19 |      10 |  34.5
     Lair:5 |     151 |       0 |   0.0 |       1 |       0 |   0.0
            +---------+---------+-------+---------+---------+-------

Vault maps used:
D:1:      dpeg_arrival_fog, serial_forest, infiniplex_forest_zigzag_1,
          infiniplex_forest_straight_2, infiniplex_forest_clump_long,
          infiniplex_forest_clump_double, infiniplex_forest_clump_curved,
          infiniplex_forest_straight_4, infiniplex_forest_straight_4,
          palyth_stone_intersect, st_stairs_5
D:2:      nicolae_ashenzari_panopticon
D:3:      serial_undead, serial_undead_c, serial_undead_f, serial_undead_f,
          serial_undead_d, st_stairs_7
D:4:      vehumet_statue, overflow_temple_1_default
D:5:      marbit_many_paths, minmay_temple_entry_antechambers, first_ration,
          corexii_hall_statues_i, nicolae_dithmenos_shadow_blocks
D:6:      hangedman_ru_absence
D:7:      gammafunk_ghost_split
D:8:      led_sif_pool, serial_shops, shop, ebering_ghost_gozag, grunt_pizzeria,
          tgw_xom, uniq_joseph
D:9:      lemuel_angel_altar
D:10:     dpeg_lair_monsters, serial_curves, eino_curves_02, eino_curves_02,
          eino_curves_02, hangedman_decor_points, solitary_fountain,
          dk_vineyard_2, kennysheep_generic_room_8
Lair:2:   lemuel_fruit_fields, serial_bayou_shore_b, grunt_megastairs_4,
          serial_bayou_shore_a, uniq_fannar, uniq_prince_ribbit2
Lair:3:   elwin_shoals_entry_rooms, lemuel_fruit_fields
Lair:4:   spider_nest_entry_webs, uniq_kirke
Lair:5:   slime_altar_1, worms_lemuel, grunt_megastairs_1

Table legend:
 A = Turns spent in this place as a percentage of turns spent in the entire game.
 B = Non-inter-level travel turns spent in this place as a percentage of non-inter-level travel turns spent in the entire game.
 C = Inter-level travel turns spent in this place as a percentage of turns spent in this place.
 D = Turns resting spent in this place as a percentage of non-inter-level travel turns spent in this place.
 E = Turns spent auto-exploring this place as a percentage of non-inter-level travel turns spent in this place.
 F = Non-inter-level travel turns spent in this place divided by the number of levels of this place that you've seen.
                   A       B       C       D       E      F
               +-------+-------+-------+-------+-------+----------------------
         Total | 100.0 | 100.0 |   4.1 |  32.3 |  48.9 | 1003.6
       Dungeon |  68.4 |  68.0 |   4.8 |  33.6 |  48.7 | 1023.0
          Lair |  31.6 |  32.0 |   2.6 |  29.3 |  49.4 | 964.8
               +-------+-------+-------+-------+-------+----------------------

Table legend:
 A = Kills in this place as a percentage of kills in entire the game.
 B = Kills by you in this place as a percentage of kills by you in the entire game.
 C = Kills by friends in this place as a percentage of kills by friends in the entire game.
 D = Other kills in this place as a percentage of other kills in the entire game.
 E = Experience gained in this place as a percentage of experience gained in the entire game.
 F = Experience gained in this place divided by the number of levels of this place that you have seen.
                   A       B       C       D       E      F
               +-------+-------+-------+-------+-------+----------------------
         Total | 100.0 | 100.0 | 100.0 | 100.0 | 100.0 | 2675.3
       Dungeon |  69.6 |  69.4 | 100.0 | 100.0 |  34.7 | 1392.5
          Lair |  30.4 |  30.6 |   0.0 |   0.0 |  65.3 | 5240.8
               +-------+-------+-------+-------+-------+----------------------
